 Dungeon Crawl Stone Soup version 0.31-a0-232-gb1c03b2570 (webtiles) character file.

Game seed: 8748801584717957869

63 qw the Shooter (level 3, 0/29 HPs)
             Began as a Minotaur Hexslinger on July 6, 2023.
             Killed from afar by Sigmund (7 damage)
             ... with a magic dart
             ... on level 2 of the Dungeon.
             The game lasted 00:00:33 (1376 turns).

qw the Shooter (Minotaur Hexslinger)                Turns: 1376, Time: 00:00:34

Health: 0/29       AC:  6    Str: 12    XL:     3   Next: 89%
Magic:  3/3        EV: 11    Int: 10    God:
Gold:   92         SH:  0    Dex: 14    Spells: 3/4 levels left

rFire   . . .        Y - +2 sling
rCold   . . .        (no shield)
rNeg    . . .        f - +0 ring mail
rPois   .            (helmet restricted)
rElec   .            (no cloak)
rCorr   .            (no gloves)
SInv    .            n - +0 pair of boots
Will    .....        (no amulet) Stlth
                     (no ring)
HPRegen 0.24/turn    (no ring)
MPRegen 0.08/turn

%: no passive effects
@: confused
A: horns 2, retaliatory headbutt
a: no special abilities


You were on level 2 of the Dungeon.
You visited 1 branch of the dungeon, and saw 2 of its levels.

You collected 92 gold pieces.


Innate Abilities, Weirdness & Mutations

You have a pair of horns on your head.
You reflexively headbutt those who attack you in melee.


   Skills:
 - Level 2.0 Fighting
 + Level 4.2 Ranged Weapons
 - Level 1.0 Armour
 - Level 2.1 Dodging
 - Level 1.0 Spellcasting
 - Level 2.0 Hexes


You had 3 spell levels left.
You knew the following spells:

 Your Spells              Type           Power      Damage    Failure   Level
a - Slow                  Hex            16%        N/A       34%         1

Your spell library contained the following spells:

 Spells                   Type           Power      Damage    Failure   Level
 Inner Flame              Hex/Fire       2%         N/A       83%         3
 Portal Projectile        Hex/Tloc       4%         N/A       83%         3
 Cause Fear               Hex            2%         N/A       98%         4

Inventory:

Hand Weapons
 Y - a +2 sling (weapon)
Armour
 f - a +0 ring mail (worn)
 n - a +0 pair of boots (worn)
Jewellery
 b - a +6 ring of dexterity
 g - a ring of ice
Scrolls
 c - a scroll of noise {unknown}
 e - a scroll of identify
 h - a scroll of teleportation
 k - a scroll of fog {unknown}
 m - a scroll of acquirement {unknown}
Potions
 a - a potion of degeneration {unknown}
 d - a potion of curing {unknown}
 i - 2 potions of heal wounds {unknown}
 j - a potion of resistance
 l - a potion of mutation {unknown}

Dungeon Overview and Level Annotations

Branches:
Dungeon (2/15)

Altars:
Xom

Annotations:
D:2 Sigmund


Message History

You shoot a sling bullet.
The sling bullet hits Sigmund but does no damage.
Sigmund is moderately wounded.
Sigmund closely misses you.
You shoot a sling bullet. The sling bullet hits Sigmund!
Sigmund is heavily wounded.
You shoot a sling bullet. The sling bullet hits Sigmund.
Sigmund is severely wounded.
Sigmund barely misses you.
You shoot a sling bullet. The sling bullet hits Sigmund.
Sigmund is severely wounded.
Sigmund giggles. "Time to reap what you sow."
Sigmund barely misses you.
You shoot a sling bullet. The sling bullet barely misses Sigmund.
Sigmund hits you from afar with a +0 scythe.
You shoot a sling bullet. The sling bullet hits Sigmund.
Sigmund is almost dead.
Sigmund barely misses you.
You shoot a sling bullet. The sling bullet barely misses Sigmund.
Sigmund casts a spell.
Sigmund flickers and vanishes!
Deactivating autopickup; reactivate with Ctrl-A.
You shoot a sling bullet. Something hits you but does no damage.
You shoot a sling bullet.
A magic dart appears from out of thin air!
The magic dart hits you.
You shoot a sling bullet. Something hits you but does no damage.
You shoot a sling bullet.
You hear some strange, mumbled words.
You are confused.
You shoot a sling bullet. Something hits you.
You shoot a sling bullet. Something hits you.
You shoot a sling bullet.
A magic dart appears from out of thin air!
The magic dart hits you!
You die...

#.######.##.# #.#
#.##.....##.########.#
#.##.######..........#
#.##.# #..#########
#.##.# #.># ######
##.# #.# #.##########
#..@.{.....#
#.######...# #.#
......# #.# ..........
### #.......###
###...### #...# #####


There were no monsters in sight!

Vanquished Creatures
  Robin (D:2)
  2 dart slugs
  3 bats
  6 endoplasms (D:1)
  14 goblins
  5 hobgoblins
  A quokka (D:2)
  2 ball pythons
  3 frilled lizards
  5 rats
42 creatures vanquished.

Notes
Turn   | Place    | Note
-------+----------+-------------------------------------------
     0 | D:1      | qw the Minotaur Hexslinger began the quest for the Orb.
     0 | D:1      | Reached XP level 1. HP: 16/16 MP: 1/1
     0 | D:1      | 0 ||| qw: Version: 0.3-a-46-gb1f654a
     0 | D:1      | 0 ||| qw: Game counter: 2051
     0 | D:1      | 0 ||| qw: Melee chars always use a shield: true
     0 | D:1      | 0 ||| qw: God list: Okawaru
     0 | D:1      | 0 ||| qw: Allow faded altars: false
     0 | D:1      | 0 ||| qw: Do Orc after clearing Dungeon:15 true
     0 | D:1      | 0 ||| qw: Do second Lair branch before Depths: true
     0 | D:1      | 0 ||| qw: Lair rune preference: random
     0 | D:1      | 0 ||| qw: Goals: Normal
     0 | D:1      | 0 ||| PLANNING D:1-11
   115 | D:1      | Reached skill level 3 in Ranged Weapons
   122 | D:1      | Reached XP level 2. HP: 23/23 MP: 2/2
   729 | D:1      | 729 ||| UPGRADING to +0 ring mail.
   739 | D:1      | 739 ||| DROPPING +0 robe.
   740 | D:1      | 740 ||| UPGRADING to +0 pair of boots.
   745 | D:1      | 745 ||| DROPPING ring of wizardry.
   746 | D:1      | 746 ||| READING scroll labelled LIMYC QOVU.
   747 | D:1      | 747 ||| READING 2 scrolls labelled ISUECR LYEWNAZO.
   748 | D:1      | 748 ||| READING scroll labelled VOYNLO DUGA.
   749 | D:1      | 749 ||| READING scroll labelled WAIGGAPIUV.
   754 | D:1      | 754 ||| READING scroll labelled GESCHUA FOSA.
   755 | D:1      | 755 ||| DRINKING 2 yellow potions.
   756 | D:1      | 756 ||| DROPPING scroll of poison.
   757 | D:1      | 757 ||| DROPPING scroll of immolation.
   781 | D:2      | Noticed Robin
   784 | D:2      | Reached XP level 3. HP: 26/29 MP: 3/3
   796 | D:2      | Killed Robin
   796 | D:2      | HP: 6/27 [goblin/+0 dagger[Robin] (3)]
   797 | D:2      | Reached skill level 4 in Ranged Weapons
   800 | D:2      | HP: 2/28 [goblin/+0 dagger[Robin] (2)]
   958 | D:2      | Found a shimmering altar of Xom.
   979 | D:2      | Reached skill level 1 in Armour
  1230 | D:2      | Found a faded altar of an unknown god.
  1339 | D:2      | Noticed Sigmund
  1356 | D:2      | 1356 ||| FLEEEEING.
  1357 | D:2      | 1357 ||| FLEEEEING.
  1358 | D:2      | 1358 ||| FLEEEEING.
  1375 | D:2      | HP: 7/29 [something (1)]
  1376 | D:2      | Killed from afar by Sigmund

Levels and vault maps discovered:
D:1:      nzn_arrival_crosshair, layout_basic
D:2:      layout_loops_ring, basic_altar,
          hellmonk_ecumenical_altar_pennies_from_heaven, minmay_tetromino_o2,
          uniq_sigmund, uniq_robin, uniq_crazy_yiuf_cottage

Skill      XL: |  1  2  3 |
---------------+----------+-----
Ranged Weapons | 3 4 |  4.2
Fighting       | 2 |  2.0
Armour         | 1 |  1.0
Dodging        | |  2.1
Spellcasting   | |  1.0
Hexes          | |  2.0

Action                     || total
---------------------------++-------
   Fire: Sling             ||   118
    Use: Scroll            ||     5
         Potion            ||     1
 Armour: Ring mail         ||    26
         Robe              ||     1
  Dodge: Dodged            ||    45

Table legend:
 A = Non-vault XP
 B = Vault XP
 C = Vault XP percentage of total XP
 D = Non-vault monster count
 E = Vault monster count
 F = Vault count percentage of total count
                 A         B        C        D         E       F
            +---------+---------+-------+---------+---------+-------
      Total |      56 |      35 |  38.5 |      31 |      11 |  26.2
            +---------+---------+-------+---------+---------+-------
        D:1 |      35 |       0 |   0.0 |      19 |       0 |   0.0
        D:2 |      21 |      35 |  62.5 |      12 |      11 |  47.8
            +---------+---------+-------+---------+---------+-------
